 Dungeon Crawl Stone Soup version 0.30-a0-937-ga0a21ad780 (webtiles) character file.

Game seed: 13104261825884083780

36 Demosthentine the Ducker (level 3, 0/28 HPs)
             Began as a Demonspawn Gladiator on Mar 25, 2023.
             Slain by a goblin
             ... wielding a +0 club
             ... led by Robin
              (2 damage)
             ... on level 2 of the Dungeon.
             The game lasted 00:01:02 (1005 turns).

Demosthentine the Ducker (Demonspawn Gladiator)     Turns: 1005, Time: 00:01:02

Health: 0/28       AC: 10    Str: 16    XL:     3   Next: 19%
Magic:  3/3        EV: 12    Int:  9    God:
Gold:   70         SH:  0    Dex: 14    Spells: 2/2 levels left

rFire   . . .      SeeInvis .    a - +0 flail
rCold   . . .      Faith    .    (no shield)
rNeg    . . .      Spirit   .    b - +0 leather armour
rPois   .          Reflect  .    c - +0 helmet
rElec   .          Rampage  .    (no cloak)
rCorr   .                        (no gloves)
Will    .....                    (no boots)
Stlth   +                        (no amulet)
HPRegen 0.24/turn                (no ring)
MPRegen 0.08/turn                (no ring)

@: sanguine armoured, flying
A: sanguine armour 1
a: no special abilities


You were on level 2 of the Dungeon.
You visited 1 branch of the dungeon, and saw 2 of its levels.

You collected 70 gold pieces.

Inventory:

Hand Weapons
 a - a +0 flail (weapon)
Missiles
 d - 3 throwing nets (quivered)
 e - a javelin
Armour
 b - a +0 leather armour (worn)
 c - a +0 helmet (worn)
Scrolls
 h - a scroll of blinking {unknown}
 j - a scroll of identify {unknown}
 k - a scroll of enchant armour {unknown}
Potions
 i - a potion of cancellation


   Skills:
 + Level 2.4 Fighting
 + Level 3.0 Maces & Flails
 - Level 1.7 Throwing
 + Level 1.1 Armour
 + Level 3.0 Dodging


You had 2 spell levels left.
You didn't know any spells.
Your spell library contained the following spells:

 Spells                   Type           Power      Damage    Failure   Level
 Ignite Poison            Fire/Tmut/Pois 0%         N/A       83%         3
 Sticky Flame             Conj/Fire      0%         2d3       99%         4
 Ignition                 Fire           0%         3d3       100%        8


Dungeon Overview and Level Annotations

Branches:
Dungeon (2/15)

Altars:

Shops:
D:1 *

Annotations:
D:2 Robin, Sigmund


Innate Abilities, Weirdness & Mutations

When seriously injured, your blood forms armour. (AC +6)


Message History

Your blood armour dries and flakes away.
The goblin misses you.
Sigmund hits you from afar with a +0 scythe!
Your blood congeals into armour.
The goblin barely misses you.
Unknown command.
Unknown command.
You barely miss the goblin.
The goblin is heavily wounded.
The goblin barely misses you. The goblin completely misses you.
Sigmund gestures wildly while chanting.
Sigmund flickers and vanishes!
Deactivating autopickup; reactivate with Ctrl-A.
Unknown command.
You thump the goblin!
You kill the goblin!
Robin laughs in a distinctly smug fashion.
The goblin misses you. Something barely misses you.
Unknown command.
A hobgoblin comes into view.
The hobgoblin shouts!
Robin throws the goblin at you! The goblin misses you.
You see here a +0 dagger.
Unknown command.
It was a potion of cancellation.
You feel magically purged. Robin throws the goblin at you!
The goblin misses you. The goblin closely misses you.
Something hits you but does no damage. The goblin misses you.
You are too injured to fight recklessly!
It was a potion of curing.
You feel better.
Your blood armour dries and flakes away.
The goblin hits you with a +0 club.
A goblin comes into view. It is wielding a +0 club.
The goblin hits you with a +0 dagger.
Your blood congeals into armour.
The goblin hits you with a +0 club. Something hits you!
* * * LOW HITPOINT WARNING * * *
It was a potion of flight.
You feel very buoyant.
You fly up into the air.
The goblin hits you but does no damage. The goblin hits you with a +0 club.
You die...

########
##############.......
#..............#
#..##########.g#####.#
#..# #......g@gg.g.#
##.)#####.####g{#####.#
........# #...
##..###.# #..## #..#
#..# #..###... #>.#
#.......# ....
#.#####... ### #.#


You could see Robin, 2 hobgoblins and 3 goblins.

Vanquished Creatures
  A dart slug (D:1)
  A ball python (D:1)
  6 endoplasms
  A giant cockroach (D:1)
  5 goblins
  4 hobgoblins
  3 jackals (D:1)
  4 bats
  3 rats (D:1)
28 creatures vanquished.

Notes
Turn   | Place    | Note
-------+----------+-------------------------------------------
     0 | D:1      | Demosthentine the Demonspawn Gladiator began the quest for
                  | the Orb.
     0 | D:1      | Reached XP level 1. HP: 16/16 MP: 1/1
    15 | D:1      | Found Nistruss's General Store.
   327 | D:1      | Gained mutation: When seriously injured, your blood forms
                  | armour. (AC +6) [demonic ancestry]
   327 | D:1      | Reached XP level 2. HP: 22/22 MP: 2/2
   721 | D:1      | Reached skill level 1 in Armour
   897 | D:2      | Reached XP level 3. HP: 25/28 MP: 3/3
   994 | D:2      | Noticed Robin
   996 | D:2      | Noticed Sigmund
  1005 | D:2      | Slain by a goblin

Illustrated notes

Levels and vault maps discovered:
D:1:      minmay_arrival_up_and_down, layout_basic, serial_shops, shop,
          minivault_14, minivault_19, nrook_mini_vaults
D:2:      minmay_door_path, layout_loops_ring, uniq_sigmund, uniq_robin

Skill      XL: |  1  2 |
---------------+-------+-----
Armour         | 1 |  1.1
Dodging        | 3 |  3.0
Maces & Flails | 3 |  3.0
Fighting       | |  2.4
Throwing       | |  1.7

Action                     || total
---------------------------++-------
  Melee: Flail             ||    56
    Use: Scroll            ||     2
         Potion            ||     3
   Stab: Sleeping          ||     2
 Armour: Leather armour    ||    20
  Dodge: Dodged            ||    42

Table legend: (Time is in decaauts)
 A = Elapsed time spent in this place.
 B = Non-inter-level travel time spent in this place.
 C = Inter-level travel time spent in this place.
 D = Time resting spent in this place.
 E = Time spent auto-exploring this place.
 F = Levels seen in this place.
 G = Mean time per level.
                   A        B        C        D        E       F      G
               +--------+--------+--------+--------+--------+-----+--------+
         Total |   1019 |    990 |     29 |      0 |    809 |   2 |  509.5 |
       Dungeon |   1019 |    990 |     29 |      0 |    809 |   2 |  509.5 |
               +--------+--------+--------+--------+--------+-----+--------+

Top non-repeatable levels by time:
     D:1: 818 daAuts
     D:2: 200 daAuts
